 Dungeon Crawl Stone Soup version 0.31-a0-43-g46d131a48f (webtiles) character file.

Game seed: 6305025250101703757

8505 bande the Cleaver (level 11, -3/67 HPs)
             Began as a Gargoyle Fighter on May 18, 2023.
             Was a High Priest of Okawaru.
             Slain by a death knight
             ... wielding a +1 broad axe
              (14 damage)
             ... on level 9 of the Dungeon.
             The game lasted 00:19:02 (9608 turns).

bande the Cleaver (Gargoyle Fighter)                Turns: 9608, Time: 00:19:02

Health: -3/67      AC: 24    Str: 23    XL:     11   Next: 31%
Magic:  24/24      EV: 10    Int: 14    God:    Okawaru [*****.]
Gold:   393        SH: 11    Dex: 13    Spells: 9/10 levels left

rFire   . . .        g - +6 war axe of Hafi Vul {freeze, Fly rElec Will+ Str-3}
rCold   . . .        c - +1 buckler
rNeg    + + .        F - +3 ring mail of Gozag's Brutal Revenge {rN+}
rPois   ∞            n - +2 helmet
rElec   +            (no cloak)
rCorr   .            (no gloves)
SInv    .            u - +2 pair of boots
Will    +....        x - amulet of reflection
Stlth   ++           y - ring of Taunt {MP+9 Str+5 Stlth+}
HPRegen 0.31/turn    r - +6 ring of intelligence
MPRegen 0.19/turn

%: reflection
@: mighty, flying
A: sickness immunity, AC +8, negative energy resistance 1, electricity
resistance, torment resistance 1, petrification resistance
a: Renounce Religion, Heroism, Finesse, Duel


You were on level 9 of the Dungeon.
You worshipped Okawaru.
Okawaru was extremely pleased with you.
You visited 2 branches of the dungeon, and saw 10 of its levels.

You collected 604 gold pieces.
You spent 211 gold pieces at shops.

Inventory:

Hand Weapons
 a - a +1 vampiric war axe
 g - the +6 war axe of Hafi Vul (weapon) {freeze, Fly rElec Will+ Str-3}
   (You acquired it on level 4 of the Dungeon)

   Str:       It affects your strength (-3).
   rElec:     It insulates you from electricity.
   Fly:       It grants you flight.
   Will:      It increases your willpower.
 M - a +2 war axe of flaming
Missiles
 i - 4 throwing nets (quivered)
Armour
 c - a +1 buckler (worn)
 n - a +2 helmet (worn)
 u - a +2 pair of boots (worn)
 F - the +3 ring mail of Gozag's Brutal Revenge (worn) {rN+}
   (You took it off a wight on level 6 of the Dungeon)

   rN:        It protects you from negative energy.
Jewellery
 b - a ring of wizardry
 r - a +6 ring of intelligence (right hand)
 x - an amulet of reflection (around neck)
 y - the ring of Taunt (left hand) {MP+9 Str+5 Stlth+}
   (You found it on level 7 of the Dungeon)

   [ring of magical power]

   Str:       It affects your strength (+5).
   MP:        It affects your magic capacity (+9).
   Stlth:     It makes you more stealthy.
 J - a ring of ice
 L - a ring of ice
Wands
 v - a wand of mindburst (3)
 D - a wand of roots (11)
 I - a wand of paralysis (9)
 K - a wand of flame (20)
Scrolls
 l - 4 scrolls of silence
 m - 6 scrolls of teleportation
 w - 2 scrolls of poison
 z - a scroll of enchant weapon
 A - a scroll of fog
 B - 7 scrolls of identify
 E - a scroll of brand weapon
 H - a scroll of enchant armour
Potions
 d - a potion of might
 e - 5 potions of flight
 h - a potion of ambrosia {unknown}
 j - 2 potions of brilliance
 k - 6 potions of haste
 o - 2 potions of lignification {unknown}
 p - a potion of mutation {unknown}
 q - a potion of magic {unknown}
 s - a potion of cancellation {unknown}
 t - a potion of heal wounds
 G - a potion of curing {unknown}


   Skills:
 + Level 7.4 Fighting
 + Level 9.7 Axes
 + Level 7.0 Armour
 + Level 6.7 Shields
 * Level 5.1 Translocations
 * Level 6.3 Invocations
 * Level 4.4 Evocations


You had 9 spell levels left.
You knew the following spells:

 Your Spells              Type           Power      Damage    Failure   Level
a - Apportation           Tloc           28%        N/A       6%          1

Your spell library contained the following spells:

 Spells                   Type           Power      Damage    Failure   Level
 Beastly Appendage        Tmut           0%         N/A       45%         1
 Kiss of Death            Conj/Necr      0%         2d5       45%         1
 Necrotise                Necr           0%         1d4       45%         1
 Wereblood                Tmut           0%         N/A       58%         2
 Confusing Touch          Hex            0%         N/A       83%         3
 Ozocubu's Armour         Ice            0%         N/A       83%         3
 Spider Form              Tmut/Pois      0%         N/A       83%         3
 Stone Arrow              Conj/Erth      0%         3d7       83%         3
 Anguish                  Hex/Necr       0%         N/A       99%         4
 Cause Fear               Hex            0%         N/A       99%         4
 Dispel Undead            Necr           0%         3d6       99%         4
 Metabolic Englaciation   Hex/Ice        0%         N/A       100%        5
 Enfeeble                 Hex            0%         N/A       100%        7
 Orb of Destruction       Conj           0%         9d5       100%        7
 Lehudib's Crystal Spear  Conj/Erth      0%         10d2      100%        8
 Summon Small Mammal      Summ           Unusable   N/A       N/A         1
 Summon Guardian Golem    Hex/Summ       Unusable   N/A       N/A         3
 Animate Armour           Summ/Erth      Unusable   N/A       N/A         4
 Simulacrum               Ice/Necr       Unusable   N/A       N/A         6
 Spellforged Servitor     Conj/Summ      Unusable   N/A       N/A         7

Dungeon Overview and Level Annotations

Branches:
Dungeon (9/15)             Temple (1/1) D:4             Orc (0/2) D:9
   Lair: D:8-11

Altars:
Ashenzari
Cheibriados
Dithmenos
Elyvilon
Fedhas
Gozag
Hepliaklqana
Kikubaaqudgha
Makhleb
Nemelex Xobeh
Okawaru
Qazlal
Ru
Sif Muna
Trog
Uskayaw
Vehumet
Wu Jian
Xom
Yredelemnul
Zin
The Shining One

Shops:
D:3 (([??   D:4 **   D:7 [   D:8 :

Annotations:
D:3 2 transporters


Innate Abilities, Weirdness & Mutations

You are immune to sickness and miasma.
Your stone body is resilient. (AC +8)
You are immune to poison.
You resist negative energy. (rN+)
You are resistant to electric shocks. (rElec)
You are resistant to unholy torment.
You are immune to petrification.


Message History

Unknown command.
You hit the death knight. You freeze the death knight.
The death knight is moderately wounded.
The death knight reflects your damage back at you!
* * * LOW HITPOINT WARNING * * *
The howler monkey hoots and howls with incredible vigour!
The death knight hits you with a +1 broad axe!
* * * LOW HITPOINT WARNING * * *
You feel much better.
The death knight's dark mirror aura disappears.
The howler monkey hoots and howls with incredible vigour!
You block the death knight's attack.
You feel much better. You block the death knight's attack.
You feel very mighty all of a sudden.
The death knight hits you with a +1 broad axe!!
Unknown command.
You hit the death knight but do no damage.
The death knight is moderately wounded.
You block the death knight's attack.
Unknown command.
You slash the death knight! You freeze the death knight!
The death knight is severely wounded.
The death knight hits you with a +1 broad axe!
* * * LOW HITPOINT WARNING * * *
Unknown command.
You hit the death knight but do no damage.
The death knight is severely wounded.
The howler monkey hoots and howls with incredible vigour!
The death knight closely misses you.
You hear an angry buzzing noise.
You hit the death knight. You freeze the death knight.
The death knight is severely wounded.
The boulder beetle leaps!
The death knight hits you with a +1 broad axe!
* * * LOW HITPOINT WARNING * * *
Unknown command.
You hit the death knight. You freeze the death knight.
The death knight is severely wounded.
The death knight hits you with a +1 broad axe!
You die...

##..##.........##########.##(
##..##.......###.. ###..
##..##.....###.B# #...
##..####### ..# ###' ##.#
..#[#..# #.# #)# #.#.#.# #.. #)#
#.#hJ# ###. #)# #.#p# #..# ##)#
#..@# #..# ##..###'### ###'
##..##..#..## ##.[.
#..##.##.##.## ##.###
#.##..##.##..#########.#... #
###.#.##..#..##.#8...8#.#..##
#####...#.##..#..##.#..#..#.#.#..
......#.##..##.##..#')###)'.#.#.#
.######.#.##..#..##)#).#..#.#.#..


You could see a death knight, a boulder beetle, a slime creature and a howler
monkey (catching breath).

Vanquished Creatures
  A hydra (D:9)
  A two-headed ogre (D:9)
  Pikel (D:6)
  2 cyclopes (D:9)
  An unseen horror (D:5)
  A troll (D:9)
  A wraith (D:9)
  2 yaks (D:9)
  A wyvern (D:9)
  A steam dragon (D:6)
  Duvessa (D:5)
  5 black bears
  An ice beast (D:5)
  5 orc warriors
  2 ogres
  3 centaurs
  2 lemures (D:6)
  3 kobold brigands
  4 phantoms
  3 scorpions
  6 bullfrogs
  Dowan (D:5)
  10 wights
  7 killer bees (D:9)
  7 howler monkeys
  5 orc priests
  3 hounds (D:5)
  A jelly (D:6)
  5 sleepcaps
  7 iguanas
  13 orc wizards
  5 gnolls
  9 adders
  2 white imps
  3 ufetubi
  6 worms
  2 dart slugs
  38 orcs
  4 bats
  11 endoplasms
  2 giant cockroaches
  5 hobgoblins
  13 kobolds
  6 quokkas
  3 ball pythons
  3 frilled lizards
  10 goblins
  11 rats
239 creatures vanquished.

Vanquished Creatures (others)
  An orc (D:9)
1 creature vanquished.

Grand Total: 240 creatures vanquished

Notes
Turn   | Place    | Note
-------+----------+-------------------------------------------
     0 | D:1      | bande the Gargoyle Fighter began the quest for the Orb.
     0 | D:1      | Reached XP level 1. HP: 14/14 MP: 1/1
    98 | D:1      | Reached XP level 2. HP: 16/19 MP: 2/2
   298 | D:1      | Reached skill level 2 in Axes
   326 | D:1      | Reached XP level 3. HP: 20/24 MP: 3/3
   374 | D:1      | Found a faded altar of an unknown god.
   777 | D:2      | Reached XP level 4. HP: 23/29 MP: 4/4
   781 | D:2      | Reached skill level 3 in Axes
  1075 | D:2      | Identified the staff of cold "Acask" {rF+ rC+ rCorr}
  1407 | D:2      | Reached XP level 5. HP: 32/33 MP: 5/5
  1691 | D:3      | Found Qaiwiusyi's Antique Weapon Emporium.
  1850 | D:3      | Found Syevej's Magic Scroll Emporium.
  1949 | D:3      | Found Puh Jih's Weapon Boutique.
  2334 | D:3      | Found a transporter.
  2336 | D:3      | Found Tunt's Armour Shoppe.
  2424 | D:3      | Found a transporter.
  2448 | D:3      | Found Kezitump's Magic Scroll Shop.
  2592 | D:4      | Noticed a phantom
  2615 | D:4      | Found a staircase to the Ecumenical Temple.
  2623 | D:4      | Killed a phantom
  2624 | D:4      | Reached skill level 4 in Axes
  2624 | D:4      | Reached XP level 6. HP: 15/39 MP: 6/6
  2629 | Temple   | Entered the Ecumenical Temple
  3317 | D:4      | Found a hazy altar of Hepliaklqana.
  3443 | D:4      | Reached skill level 5 in Fighting
  3443 | D:4      | Reached XP level 7. HP: 8/44 MP: 7/7
  3579 | D:4      | Identified a scroll of acquirement
  3579 | D:4      | Acquired the +6 war axe of Hafi Vul {freeze, Fly rElec
                  | Will+ Str-3}
  3649 | D:4      | Found Lifeshur's General Store.
  3652 | D:4      | Found Fenech's Specific Store.
  3658 | D:4      | Bought a potion of degeneration for 13 gold pieces
  3790 | D:4      | Reached skill level 5 in Axes
  4037 | D:5      | Entered Level 5 of the Dungeon
  4054 | D:5      | Noticed Dowan
  4055 | D:5      | Noticed Duvessa
  4060 | D:5      | Killed Duvessa
  4061 | D:5      | Reached skill level 5 in Armour
  4068 | D:5      | Killed Dowan
  4107 | D:5      | Found an iron altar of Okawaru.
  4107 | D:5      | Found a white marble altar of Elyvilon.
  4109 | D:5      | Found an opulent altar of Gozag.
  4112 | D:5      | Found a shimmering blue altar of Sif Muna.
  4113 | D:5      | Found a bloodstained altar of Trog.
  4116 | D:5      | Became a worshipper of Warmaster Okawaru
  4344 | D:5      | Learned a level 1 spell: Apportation
  4383 | D:5      | Reached skill level 1 in Invocations
  4383 | D:5      | Reached XP level 8. HP: 37/50 MP: 8/8
  4666 | D:5      | Found a snail-covered altar of Cheibriados.
  4911 | D:5      | Reached skill level 6 in Axes
  4911 | D:5      | Reached skill level 1 in Translocations
  5503 | D:6      | Reached * piety under Okawaru
  5669 | D:6      | Found a glowing silver altar of Zin.
  5673 | D:6      | Found an ancient bone altar of Kikubaaqudgha.
  5682 | D:6      | Found a sparkling altar of Nemelex Xobeh.
  5770 | D:6      | Reached skill level 5 in Shields
  5771 | D:6      | Reached XP level 9. HP: 54/55 MP: 11/11
  5779 | D:5      | Reached skill level 7 in Axes
  5804 | D:5      | Killed an unseen horror
  5805 | D:5      | Reached skill level 1 in Evocations
  6000 | D:6      | Reached ** piety under Okawaru
  6335 | D:6      | Identified the +3 ring mail of Gozag's Brutal Revenge {rN+}
  6402 | D:6      | Noticed Pikel
  6414 | D:6      | Killed Pikel
  6415 | D:6      | Reached skill level 8 in Axes
  6634 | D:6      | Found an ornate altar of the Wu Jian Council.
  6861 | D:7      | Reached XP level 10. HP: 61/61 MP: 13/13
  7009 | D:7      | Found Biel's Armour Boutique.
  7030 | D:7      | Bought a +2 pair of boots for 198 gold pieces
  7108 | D:7      | Identified the ring of Taunt {MP+9 Str+5 Stlth+}
  7525 | D:7      | Reached *** piety under Okawaru
  8088 | D:8      | Reached skill level 5 in Invocations
  8181 | D:8      | Found Niulatzu's Book Emporium.
  8549 | D:9      | Found a glowing golden altar of the Shining One.
  8558 | D:9      | Noticed an angel
  8626 | D:9      | Found a staircase to the Orcish Mines.
  8930 | D:9      | Reached **** piety under Okawaru
  9032 | D:9      | Reached skill level 9 in Axes
  9192 | D:9      | Found a basalt altar of Yredelemnul.
  9194 | D:9      | Noticed a profane servitor
  9358 | D:9      | Noticed a two-headed ogre
  9366 | D:9      | Killed a two-headed ogre
  9366 | D:9      | Reached ***** piety under Okawaru
  9367 | D:9      | Reached XP level 11. HP: 65/67 MP: 15/15
  9441 | D:9      | Noticed a cyclops
  9520 | D:9      | Killed a cyclops
  9565 | D:9      | Noticed a cyclops
  9566 | D:9      | Noticed a boulder beetle
  9580 | D:9      | Killed a cyclops
  9581 | D:9      | Reached skill level 5 in Translocations
  9581 | D:9      | Noticed a five-headed hydra
  9587 | D:9      | Killed a six-headed hydra
  9590 | D:9      | Noticed a death knight
  9600 | D:9      | HP: 2/67 [death knight/+1 broad axe (17)]
  9608 | D:9      | Slain by a death knight

Illustrated notes

Levels and vault maps discovered:
D:1:      dpeg_arrival_subterranean_lakeside_camping, layout_rooms,
          basic_ecumenical_altar, hangedman_decor_clover_reticule,
          minmay_tree_intersection, minmay_octomino_c4
D:2:      layout_loops_cross, minmay_cupped
D:3:      layout_loops_cross, serial_shops, nicolae_shop_just_a_little_nook,
          nicolae_diamond_shop, shop, nicolae_shop_drivethru, shop,
          hangedman_abyss_or_decor_stabs, minivault_11
D:4:      layout_loops_ring, mainiacjoe_overflow_24_doors,
          minmay_temple_entry_mini_moons, grunt_ministairs_9,
          nicolae_specific_store
D:5:      minmay_opposing_rooms, layout_gridville, grunt_temple_overflow_open,
          marbit_many_paths, nzn_random_ring, uniq_duvessa
D:6:      layout_cave_pools, nzn_wu_jian_council_hall,
          minmay_overflow_temple_star_quad,
          nicolae_concentric_dashed_squares_wild, minmay_misc_feat_tiny,
          uniq_pikel
D:7:      layout_basic, serial_shops, shop
D:8:      layout_loops_ring, serial_shops, nicolae_square_shop, minivault_24,
          columned_hall_lemuel, st_stairs_7, minmay_misc_feat_ornament
D:9:      minmay_the_grid_octo_tiled_octocenter [minmay_the_grid_octo_empty,
          minmay_the_grid_octo_clover_2, minmay_the_grid_octo_concentric,
          minmay_the_grid_octo_checkerflower, minmay_the_grid_octo_prize_star,
          minmay_the_grid_square_5x5_fancy_junction,
          minmay_the_grid_square_5x5_tetrominoes,
          minmay_the_grid_square_5x5_shrine2, minmay_the_grid_square_5x5_two],
          layout_basic, grunt_temple_overflow_holy_war, orc_0_dummy,
          chequers_serial_rivers_room_a
Temple:   nicolae_temple_ecumenical_triangle

Skill      XL: |  1  2  3  4  5  6  7  8  9 10 11 |
---------------+----------------------------------+-----
Axes           | 2 3 4 5 6 8 9 |  9.7
Fighting       | 4 5 6 7 |  7.4
Armour         | 4 5 6 7 |  7.0
Shields        | 4 5 6 |  6.7
Invocations    | 1 3 4 5 6 |  6.3
Translocations | 2 3 4 5 |  5.1
Evocations     | 2 3 4 |  4.4

Action                     |  1- 3 |  4- 6 |  7- 9 | 10-12 || total
---------------------------+-------+-------+-------+-------++-------
  Melee: War axe           |   129 |   194 |   204 |   233 ||   760
    Use: Scroll            |       |       |     9 |     9 ||    18
         Potion            |       |       |       |     3 ||     3
 Armour: Scale mail        |    70 |    36 |       |       ||   106
         Chain mail        |       |   105 |   142 |       ||   247
         Ring mail         |       |       |     4 |   120 ||   124
  Dodge: Dodged            |    73 |    83 |    79 |    69 ||   304
  Block: Buckler           |    30 |    45 |    94 |   143 ||   312
         Reflection        |       |       |       |     7 ||     7

Table legend: (Time is in decaauts)
 A = Elapsed time spent in this place.
 B = Non-inter-level travel time spent in this place.
 C = Inter-level travel time spent in this place.
 D = Time resting spent in this place.
 E = Time spent auto-exploring this place.
 F = Levels seen in this place.
 G = Mean time per level.
                   A        B        C        D        E       F      G
               +--------+--------+--------+--------+--------+-----+--------+
         Total |   9799 |   9545 |    254 |   1881 |   5837 |  10 |  979.9 |
       Dungeon |   9664 |   9410 |    254 |   1881 |   5723 |   9 | 1073.8 |
        Temple |    134 |    134 |      0 |      0 |    114 |   1 |  134.0 |
               +--------+--------+--------+--------+--------+-----+--------+

Top non-repeatable levels by time:
     D:5: 1695 daAuts
     D:4: 1392 daAuts
     D:9: 1114 daAuts
     D:2: 1089 daAuts
     D:6: 1063 daAuts
     D:7: 1057 daAuts
     D:3: 944 daAuts
     D:8: 703 daAuts
     D:1: 604 daAuts
  Temple: 134 daAuts
